 Dungeon Crawl Stone Soup version 0.27-a0-364-g31b3477d74 (webtiles) character file.

Game seed: 9617798564860008211

530533 tsouns the Palentonga Aeon (level 24, -33/216 HPs)
             Began as a Palentonga Delver on Feb 12, 2021.
             Was the Champion of Cheibriados.
             Killed from afar by a frost giant (56 damage)
             ... with a bolt of cold
             ... on level 4 of the Depths on Feb 17, 2021.
             The game lasted 02:27:30 (55024 turns).

tsouns the Palentonga Aeon (Palentonga Delver)     Turns: 55024, Time: 02:27:30

Health: -33/216    AC: 51    Str: 34    XL:     24   Next: 94%
Magic:  28/28      EV: 19    Int: 40    God:    Cheibriados [******]
Gold:   5110       SH: 20    Dex: 28    Spells: 24/42 levels left

rFire    + + .     SeeInvis +   H - +9 demon trident (vorpal)
rCold    . . .     Faith    .   U - +1 kite shield {AC+3}
rNeg     . . .     Spirit   .   n - +6 plate armour of Wisdom {Harm +Fly rCorr Int+4 Dex-3}
rPois    +         Reflect  +   C - +3 hat of the Original Sin {Regen+ Int+3}
rElec    +         Harm     +   J - +2 cloak {Will+}
rCorr    +         Rampage  .   l - +2 pair of gloves
Will     +++++                  f - +4 barding {rF+}
Stlth    +.........             E - amulet of reflection
HPRegen  1.46/turn              G - ring of Qirugagg {rElec rPois rF+ MP-9 Slay+2}
MPRegen  0.21/turn              D - ring of the Mage {Wiz Will++ Int+3}

@: about to teleport, studying 2 skills, curled up, very slow
A: large, rugged brown scales 3, see invisible, deformed body, frail 1,
strong-willed 1, subdued magic 1, roll 1, armoured tail, reflexive curl
}: 2/15 runes: decaying, serpentine
a: Rolling Charge, Renounce Religion, Evoke Flight, Bend Time, Temporal
Distortion, Slouch, Step From Time


You were on level 4 of the Depths.
You worshipped Cheibriados.
Cheibriados was exalted by your worship.
You visited 9 branches of the dungeon, and saw 45 of its levels.
You visited the Abyss 2 times.
You also visited: Ice Cave and Volcano.

You collected 9167 gold pieces.
You spent 4057 gold pieces at shops.

Inventory:

Hand Weapons
 H - a +9 vorpal demon trident (weapon)
Missiles
 L - 33 curare-tipped darts (quivered)
 Y - 19 javelins
Armour
 f - a +4 barding of fire resistance (worn)
 l - a +2 pair of gloves (worn)
 n - the +6 plate armour of Wisdom (worn) {Harm +Fly rCorr Int+4 Dex-3}
   (You bought it in a shop on level 2 of the Orcish Mines)

   It affects your intelligence (+4).
   It affects your dexterity (-3).
   It lets you fly.
   It provides partial protection from all sources of acid and corrosion.
   It increases damage dealt and taken.
 C - the +3 hat of the Original Sin (worn) {Regen+ Int+3}
   (You found it in an ice cave)

   It affects your intelligence (+3).
   It increases your rate of regeneration.
 F - the +2 robe of Vines {NoPotionHeal Regen+++}
   (You found it on level 4 of the Vaults)

   It increases your rate of regeneration.
 J - a +2 cloak of willpower (worn)
 U - a +1 kite shield of protection (worn)
Jewellery
 D - the ring of the Mage (right hand) {Wiz Will++ Int+3}
   (You found it on level 3 of the Elven Halls)

   [ring of wizardry]

   It improves your spell success rate.
   It affects your intelligence (+3).
   It affects your willpower, your defense against some magical effects.
 E - an amulet of reflection (around neck)
 G - the ring of Qirugagg (left hand) {rElec rPois rF+ MP-9 Slay+2}
   (You bought it in a shop on level 3 of the Snake Pit)

   [ring of poison resistance]

   It affects your accuracy and damage with ranged weapons and melee attacks
   (+2).
   It protects you from fire.
   It insulates you from electricity.
   It protects you from poison.
   It affects your magic capacity (-9).
Wands
 g - a wand of digging (18)
 u - a wand of polymorph (29)
 y - a wand of mindburst (60)
 A - a wand of paralysis (79)
 S - a wand of iceblast (49)
 V - a wand of charming (28)
 W - a wand of acid (17)
Scrolls
 c - 9 scrolls of fog
 d - 7 scrolls of teleportation
 e - 9 scrolls of fear
 i - 2 scrolls of brand weapon
 o - 16 scrolls of magic mapping
 s - 7 scrolls of blinking
 v - 10 scrolls of enchant weapon
 w - a scroll of silence
 B - 2 scrolls of immolation
 K - 10 scrolls of identify
 M - 2 scrolls of summoning
 T - a scroll of holy word
Potions
 b - 3 potions of invisibility
 h - 4 potions of mutation
 j - 2 potions of magic
 k - 4 potions of resistance
 p - 9 potions of lignification
 q - 7 potions of cancellation
 r - 12 potions of curing
 t - 10 potions of flight
 x - 13 potions of brilliance
 z - 7 potions of heal wounds
 P - a potion of might
 X - 2 potions of ambrosia
Miscellaneous
 a - a lightning rod (4/4)
 m - a phantom mirror
 O - a box of beasts
 Z - a tin of tremorstones (2/2)


   Skills:
 + Level 19.9 Fighting
 - Level 14.0 Polearms
 + Level 15.1 Armour
 + Level 15.0 Dodging
 - Level 8.9 Stealth
 - Level 9.0 Shields
 + Level 9.5 Spellcasting
 + Level 4.8 Conjurations
 + Level 4.4 Summonings
 + Level 4.9 Earth Magic
 + Level 20.5 Invocations
 - Level 5.6 Evocations


You had 24 spell levels left.
You knew the following spells:

 Your Spells              Type           Power        Failure   Level
a - Ensorcelled Hibernat  Hex/Ice        28%          4%          2
b - Confusing Touch       Hex            14%          9%          3
c - Iron Shot             Conj/Erth      22%          50%         6
d - Spellforged Servitor  Conj/Summ      21%          98%         7

Your spell library contained the following spells:

 Spells                   Type           Power        Failure   Level
 Magic Dart               Conj           100%         1%          1
 Sandblast                Erth           90%          1%          1
 Summon Small Mammal      Summ           100%         1%          1
 Call Imp                 Summ           42%          1%          2
 Passwall                 Tmut/Erth      24%          1%          2
 Searing Ray              Conj           88%          1%          2
 Stone Arrow              Conj/Erth      88%          1%          3
 Animate Skeleton         Necr           28%          2%          1
 Apportation              Tloc           28%          2%          1
 Beastly Appendage        Tmut           28%          2%          1
 Corona                   Hex            15%          2%          1
 Freeze                   Ice            56%          2%          1
 Pain                     Necr           56%          2%          1
 Sting                    Tmut/Pois      56%          2%          1
 Conjure Flame            Conj/Fire      29%          3%          3
 Dazzling Flash           Conj/Hex       58%          3%          3
 Static Discharge         Conj/Air       29%          3%          3
 Summon Guardian Golem    Hex/Summ       28%          3%          3
 Blink                    Tloc           N/A          4%          2
 Corpse Rot               Necr/Air       N/A          4%          2
 Poisonous Vapours        Pois/Air       28%          4%          2
 Slow                     Hex            14%          4%          2
 Sublimation of Blood     Necr           7%           4%          2
 Wereblood                Tmut           14%          4%          2
 Mephitic Cloud           Conj/Pois/Air  24%          4%          3
 Animate Armour           Summ/Erth      86%          4%          4
 Frozen Ramparts          Ice            28%          9%          3
 Gell's Gravitas          Tloc           7%           9%          3
 Ignite Poison            Fire/Tmut/Pois 14%          9%          3
 Inner Flame              Hex/Fire       14%          9%          3
 Lesser Beckoning         Tloc           7%           9%          3
 Ozocubu's Armour         Ice            14%          9%          3
 Portal Projectile        Hex/Tloc       28%          9%          3
 Spider Form              Tmut/Pois      7%           9%          3
 Tukima's Dance           Hex            14%          9%          3
 Vampiric Draining        Necr           7%           9%          3
 Fulminant Prism          Conj/Hex       14%          11%         4
 Hailstorm                Conj/Ice       29%          11%         4
 Iskenderun's Mystic Bla  Conj/Tloc      29%          11%         4
 Leda's Liquefaction      Hex/Erth       14%          11%         4
 Petrify                  Tmut/Erth      29%          11%         4
 Sticky Flame             Conj/Fire      29%          11%         4
 Lee's Rapid Deconstruct  Erth           22%          11%         5
 Summon Ice Beast         Ice/Summ       28%          12%         4
 Iskenderun's Battlesphe  Conj           44%          12%         5
 Bolt of Magma            Conj/Fire/Erth 17%          21%         5
 Animate Dead             Necr           7%           28%         4
 Cause Fear               Hex            7%           28%         4
 Dispel Undead            Necr           14%          28%         4
 Ice Form                 Ice/Tmut       14%          28%         4
 Manifold Assault         Tloc           14%          28%         4
 Olgreb's Toxic Radiance  Pois           14%          28%         4
 Borgnjor's Vile Clutch   Necr/Erth      14%          28%         5
 Shadow Creatures         Summ           N/A          56%         6
 Agony                    Necr           14%          61%         5
 Alistair's Intoxication  Tmut/Pois      9%           61%         5
 Blade Hands              Tmut           7%           61%         5
 Excruciating Wounds      Necr           7%           61%         5
 Metabolic Englaciation   Hex/Ice        7%           61%         5
 Silence                  Hex/Air        7%           61%         5
 Yara's Violent Unravell  Hex/Tmut       7%           61%         5
 Statue Form              Tmut/Erth      19%          83%         6
 Orb of Destruction       Conj           22%          97%         7
 Eringya's Noxious Bog    Tmut/Pois      7%           99%         6
 Hydra Form               Tmut           7%           99%         6
 Invisibility             Hex            14%          99%         6
 Malign Gateway           Summ/Tloc      14%          100%        7


Dungeon Overview and Level Annotations

Branches:
Dungeon (15/15)            Temple (0/1) D:6            Lair (6/6) D:8
  Swamp (4/4) Lair:2        Snake (4/4) Lair:2        Slime (0/5) Lair:5
    Orc (2/2) D:11            Elf (3/3) Orc:2        Vaults (4/5) D:14
  Crypt (3/3) Vaults:3       Tomb (0/3) Crypt:3      Depths (4/5) D:15
  IceCv (visited)         Volcano (visited)

Altars:
Cheibriados
Elyvilon
Fedhas
Kikubaaqudgha
Ru
Sif Muna
Trog
Vehumet
Xom
The Shining One
Beogh
Jiyva

Shops:
D:8 [((*   D:10 (   D:12 *   Orc:2 (:?[   Elf:1 [   Elf:2 [   Elf:3 [*[[*
Snake:2 [[:*   Snake:3 ==:

Portals:
Hell: Depths:1 Depths:2 Depths:3
Abyss: Depths:1
Pandemonium: Depths:2 Depths:3
Ziggurat: Depths:1

Annotations:
D:9 2 transporters, kae's ghost, novice DrTm
D:14 2 transporters
Swamp:3 1 runed translucent door, tsouns's ghost, adept SpBr
Depths:1 exclusion: orange crystal statue


Innate Abilities, Weirdness & Mutations

You are completely covered in rugged brown scales. (AC +3, +7% HP)
You have supernaturally acute eyesight. (SInv)
Armour fits poorly on your strangely shaped body.
You can roll at nearby foes to attack.
You have a long armoured tail.
You curl defensively after being hit.
You are frail. (-10% HP)
You are strong-willed. (Will+)
Your spells are a little easier to cast, but a little less powerful.


Message History

The spark wasp stings you but does no damage.
You impale the spark wasp!!
You kill the spark wasp!
Cheibriados thoroughly appreciates the change of pace.
A vampire knight comes into view. It is wielding a +0 long sword.
The frost giant casts a spell at you. The bolt of cold hits you!!!
You puncture the frost giant!
The frost giant is moderately wounded.
An ice dragon comes into view.
You puncture the frost giant!
The frost giant is moderately wounded.
The frost giant casts a spell at you. The bolt of cold hits you!!
The frost giant closely misses you. The ice dragon breathes frost at you.
The blast of cold hits the frost giant.
The frost giant resists.
The blast of cold misses you.
You hear a deafening roar!
You hear a shout!
You hear a deafening roar!
You hear a shout! x3
You are too injured to fight recklessly!
You are too injured to fight recklessly!
You are too injured to fight recklessly!
As you read the scroll of teleportation, it crumbles to dust.
You feel strangely unstable. The frost giant casts a spell at you.
The bolt of cold hits you!!!
* * * LOW HITPOINT WARNING * * *
You block the frost giant's attack.
Unknown command.
You feel better.
You puncture the frost giant! You tail-slap the frost giant.
The frost giant is heavily wounded.
The ice dragon breathes frost at you.
The blast of cold hits the frost giant!
The frost giant resists.
The blast of cold hits you!!
* * * LOW HITPOINT WARNING * * *
The blast of cold hits the frost giant!
The frost giant resists.
The frost giant points at you and mumbles some strange words.
The bolt of cold hits you!!!
You die...

#....... ...... .....#
DV..# ....## #....####
################C.......
........##......@.....#
.........#.......C....#
...#.................##
.....................#
............#....###..#
.........######### #.#
........## #.#
.....[...# #. ..........


You could see 2 frost giants, an ice dragon (catching breath) and a vampire
knight.

Vanquished Creatures
  2 dread liches (Crypt:3)
  Mara (Swamp:3)
  A juggernaut (Depths:2)
  Bai Suzhen (Swamp:3)
  Margery (Vaults:4)
  Frederick (Crypt:3)
  Boris (thrice) (Vaults:2 Crypt:3 Depths:3)
  Saint Roka (Vaults:4)
  Xtahua (Vaults:4)
  Nikola (Vaults:1)
  Jory (Vaults:4)
  2 bone dragons
  2 deep elf blademasters (Elf:3)
  4 liches
  2 titans (Depths:2)
  A tentacled starspawn (Abyss:3)
  A deep elf master archer (Elf:3)
  5 sphinxes
  An ancient champion (Crypt:1)
  A thorn hunter (Swamp:4)
  Agnes (Snake:1)
  Kirke (D:13)
  2 tengu reavers
  5 nagarajas (Snake:4)
  Roxanne (Snake:3)
  3 fire giants
  5 frost giants
  10 deep elf sorcerers
  Aizul (Snake:3)
  7 vault wardens
  3 deep elf elementalists (Elf:3)
  5 curse skulls
  7 ghouls
  6 very ugly things
  7 ironheart preservers
  13 stone giants
  A reaper (Crypt:2)
  3 war gargoyles (Crypt:3)
  3 deep elf demonologists (Elf:3)
  3 entropy weavers (Vaults:4)
  4 dire elephants (Lair:6)
  A white draconian (Abyss:3)
  3 vampire knights
  6 bunyips
  11 spark wasps
  5 deep elf annihilators
  A yellow draconian (Abyss:3)
  11 ettins
  5 deep elf death magi
  4 eleionomae
  9 fire dragons
  A crystal guardian (Vaults:3)
  3 eidola
  The ghost of HoaS the Grappler, a journeyman TrGl of Makhleb (D:11)
  A shambling mangrove (Swamp:4)
  4 great orbs of eyes
  11 yaktaur captains
  3 deep elf high priests (Elf:3)
  A rakshasa (Depths:2)
  2 vault guards
  29 hydras
  7 ice dragons
  Fannar (D:11)
  3 boulder beetles
  12 ogre magi
  A hell beast (Depths:3)
  A hydra (shapeshifter) (Elf:3)
  2 ghost crabs
  2 spriggan air magi (Depths:3)
  A catoblepas (D:14)
  13 naga warriors
  9 centaur warriors
  4 death knights
  5 tengu warriors
  34 two-headed ogres
  30 dancing weapons
  7 anacondas
  6 deep troll shamans
  2 orc high priests
  10 alligators
  18 death yaks
  12 deep troll earth magi
  A hell hog (Depths:1)
  Nergalle (Orc:2)
  4 vampire magi
  4 spriggan berserkers
  4 thrashing horrors (Abyss:3)
  11 naga sharpshooters
  18 hell knights
  A shock serpent (Snake:2)
  Sonja (Lair:3)
  2 soul eaters (Crypt:2)
  21 deep elf knights
  3 shadow wraiths
  A sixfirhy (Depths:3)
  A spatial maelstrom (Abyss:3)
  17 skeletal warriors
  9 iron trolls
  A goliath frog (Swamp:1)
  2 storm dragon skeletons (Crypt:3)
  3 wretched stars (Abyss:3)
  6 unseen horrors
  2 glowing orange brains
  34 deep trolls
  An unseen horror (shapeshifter) (D:14)
  6 spriggan druids
  A golden dragon zombie (Crypt:1)
  7 bog bodies
  3 salamander mystics
  An orange crystal statue (Elf:3)
  20 deep elf archers
  5 harpies (Vaults:1)
  3 flayed ghosts
  10 swamp dragons
  7 naga ritualists
  14 ironbrand convokers
  27 deep elf pyromancers
  17 wizards
  An anaconda skeleton (Crypt:3)
  A wolf spider zombie (Crypt:3)
  Pikel (D:5)
  A shadow dragon zombie (Crypt:3)
  10 necromancers
  12 phantasmal warriors
  47 ugly things
  28 deep elf zephyrmancers
  2 golden dragon skeletons (Crypt:3)
  A goliath frog zombie (Crypt:1)
  10 orc knights
  11 mana vipers
  7 cyclopes
  5 wolf spiders
  A shadow dragon skeleton (Crypt:3)
  2 will-o-the-wisps
  10 orc sorcerers
  8 moths of wrath (Depths:2)
  A sphinx skeleton (Crypt:1)
  11 salamanders
  A manticore (shapeshifter) (Vaults:3)
  A fire giant skeleton (Crypt:3)
  2 worldbinders (Abyss:3)
  A centaur zombie (D:14)
  5 toenail golems (Volcano)
  8 vault sentinels
  23 elephants
  An apocalypse crab (Abyss:3)
  A frost giant skeleton (Crypt:3)
  25 naga magi
  10 smoke demons
  18 cane toads
  An ice statue (IceCv)
  3 guardian serpents
  A torpor snail (Lair:4)
  31 black mambas
  A storm dragon simulacrum (Vaults:1)
  A stone giant skeleton (Crypt:2)
  3 centaur skeletons
  4 gargoyles (Crypt:3)
  An orange demon (Abyss:3)
  2 dire elephant skeletons (Crypt:3)
  A kobold demonologist (D:11)
  11 komodo dragons
  47 yaktaurs
  An efreet (D:15)
  5 rime drakes
  An ice devil (Depths:3)
  Psyche (D:11)
  2 guardian mummies (Crypt:3)
  14 freezing wraiths
  3 ancient zymes (Abyss:3)
  2 hellwings (Abyss:3)
  A red draconian skeleton (Crypt:1)
  4 red devils (Crypt:3)
  5 tengu conjurers
  A silent spectre (Depths:2)
  3 trolls
  2 purple draconian skeletons
  A queen bee (D:11)
  A grey draconian skeleton (Crypt:1)
  A shadow dragon simulacrum (Crypt:2)
  A bloated husk (Swamp:1)
  3 polar bears
  A jumping spider (Vaults:4)
  A wolf spider simulacrum (Crypt:2)
  23 slime creatures
  7 tyrant leeches
  A death drake zombie (Crypt:2)
  A sea snake skeleton (Crypt:2)
  14 hornets
  10 raiju (Abyss:3)
  19 blink frogs
  A moth of wrath zombie (Crypt:2)
  2 raiju (shapeshifter)
  2 blink frogs (shapeshifter)
  A stone giant simulacrum (Crypt:2)
  A harpy skeleton (D:14)
  18 flying skulls (Crypt:2)
  An ettin zombie (Crypt:3)
  3 meliai zombies
  4 dream sheep (Lair:3)
  5 redbacks (Vaults:4)
  A ynoxinul (Abyss:4)
  A tarantella (Vaults:4)
  9 spriggans
  3 air elementals
  4 shadows
  5 small abominations (Abyss:3)
  80 yaks
  An ushabti (Crypt:3)
  An ettin skeleton (Abyss:3)
  6 wyverns
  3 fire bats (Lair:2)
  A vampire (D:11)
  2 fire elementals (Elf:2)
  4 water elementals (Elf:2)
  A shock serpent simulacrum (Crypt:2)
  A tyrant leech zombie (Crypt:1)
  12 wraiths
  2 hogs (D:13)
  4 starcursed masses (Abyss:3)
  A golden eye (shapeshifter) (Vaults:4)
  4 basilisks
  3 neqoxecs
  A death yak simulacrum (IceCv)
  A chaos spawn (Depths:3)
  6 large abominations
  13 swamp worms
  3 vampire mosquitoes (D:14)
  A faun zombie (Crypt:2)
  40 nagas
  3 wargs
  A soldier ant (D:14)
  21 water moccasins
  A floating eye (Depths:1)
  8 hell hounds (Depths:1)
  A hornet zombie (Crypt:2)
  9 black bears
  9 ice beasts
  11 swamp drakes
  An eye of draining (shapeshifter) (Vaults:2)
  4 sky beasts
  An eye of draining (D:11)
  33 orc warriors
  4 necrophages
  23 ogres
  A snapping turtle zombie (Crypt:3)
  18 centaurs
  19 wolves
  8 boggarts
  3 phantoms
  An octopode zombie (Crypt:1)
  21 bullfrogs
  3 kobold brigands
  A glowing shapeshifter simulacrum (Vaults:3)
  A gnoll sergeant (D:10)
  2 earth elementals
  2 wyvern zombies
  3 scorpions
  3 human simulacra
  24 killer bees
  An elephant simulacrum (IceCv)
  8 wights
  2 howler monkeys (D:10)
  4 electric eels
  A crimson imp (Depths:3)
  5 draconian simulacra (IceCv)
  A quasit (Depths:3)
  5 hounds
  4 jellies
  Crazy Yiuf (D:7)
  3 bullfrog skeletons
  5 iron imps
  32 orc priests
  Terence (D:2)
  A human skeleton (Crypt:2)
  Ijyb (D:4)
  Natasha (thrice) (D:2)
  6 troll simulacra (IceCv)
  4 iguanas
  37 orc wizards
  8 worker ants
  2 polar bear simulacra (IceCv)
  A killer bee zombie (D:6)
  2 centaur simulacra (IceCv)
  An ogre skeleton (Crypt:2)
  An acid dragon skeleton (Crypt:2)
  5 hound zombies
  4 hound skeletons
  7 mummies (Crypt:3)
  Robin (D:2)
  8 gnolls
  2 naga simulacra (IceCv)
  11 adders
  5 ogre simulacra (IceCv)
  8 shadow imps
  18 white imps
  3 ufetubi
  2 oozes
  An adder zombie (D:5)
  4 worms
  3 dart slugs
  2 leopard geckos
  98 orcs
  4 giant cockroaches
  10 goblins
  8 hobgoblins
  10 jackals
  17 kobolds
  6 quokkas
  7 bats
  4 frilled lizards
  A frilled lizard skeleton (Crypt:2)
  A jackal skeleton (D:4)
  A quokka skeleton (D:4)
  10 rats
  2 foxfires (Swamp:3)
  A starspawn tentacle (Abyss:3)
2083 creatures vanquished.

Vanquished Creatures (collateral kills)
  A hydra (Swamp:4)
1 creature vanquished.

Vanquished Creatures (others)
  A nagaraja (Snake:4)
  2 alligators (Swamp:3)
  A naga sharpshooter (Snake:2)
  A hell hog (Depths:1)
  A will-o-the-wisp (Swamp:3)
  A bloated husk (Swamp:2)
  A tyrant leech (Swamp:3)
  A human (D:13)
  A swamp worm (Swamp:4)
  A centaur (Vaults:2)
  A white imp (Abyss:3)
  An orc (Vaults:2)
  3 briar patches (Swamp:4)
  16 foxfires
  49 fungi
  3 lurking horrors (Abyss:3)
  44 plants
  A starspawn tentacle (Abyss:3)
  36 withered plants (Crypt:3)
165 creatures vanquished.

Grand Total: 2249 creatures vanquished

Notes
Turn   | Place    | Note
-------+----------+-------------------------------------------
     0 | D:5      | tsouns the Palentonga Delver began the quest for the Orb.
     0 | D:5      | Reached XP level 1. HP: 20/20 MP: 1/1
    71 | D:4      | Noticed Ijyb
   118 | D:3      | Found a snail-covered altar of Cheibriados.
   120 | D:3      | Found a blossoming altar of Fedhas.
   137 | D:3      | Reached XP level 2. HP: 23/27 MP: 2/2
   142 | D:3      | Became a worshipper of Cheibriados the Contemplative
   630 | D:1      | Reached XP level 3. HP: 30/33 MP: 3/3
   676 | D:1      | Reached * piety under Cheibriados
  1252 | D:2      | Noticed Terence
  1262 | D:2      | Killed Terence
  1263 | D:2      | Reached XP level 4. HP: 29/42 MP: 4/4
  1438 | D:2      | Identified the -5 helmet "Ogyraat" {Int+4}
  1438 | D:2      | Noticed Robin
  1442 | D:2      | Killed Robin
  1556 | D:2      | Noticed Natasha
  1564 | D:2      | Killed Natasha
  1571 | D:2      | Noticed Natasha
  1579 | D:2      | Killed Natasha
  1580 | D:2      | Reached XP level 5. HP: 39/50 MP: 5/5
  1643 | D:2      | Noticed Natasha
  1653 | D:2      | Killed Natasha
  1653 | D:2      | Reached ** piety under Cheibriados
  2030 | D:2      | Reached skill level 5 in Fighting
  3172 | D:3      | Found a white marble altar of Elyvilon.
  3386 | D:4      | Killed Ijyb
  3387 | D:4      | Reached XP level 6. HP: 51/59 MP: 6/6
  4102 | D:5      | Noticed Pikel
  4125 | D:5      | Killed Pikel
  4126 | D:5      | Reached skill level 5 in Polearms
  4126 | D:5      | Gained mutation: You curl defensively after being hit.
                  | [Palentonga growth]
  4126 | D:5      | Reached XP level 7. HP: 56/67 MP: 7/7
  4220 | D:5      | Reached *** piety under Cheibriados
  4818 | D:5      | Reached skill level 1 in Armour
  4832 | D:5      | Reached XP level 8. HP: 75/75 MP: 8/8
  5262 | D:6      | Found a glowing golden altar of the Shining One.
  5352 | D:6      | Reached skill level 1 in Invocations
  5864 | D:6      | Reached skill level 2 in Invocations
  6159 | D:6      | Reached **** piety under Cheibriados
  6334 | D:6      | Found a staircase to the Ecumenical Temple.
  6336 | D:6      | Reached skill level 3 in Invocations
  6986 | D:7      | Learned a level 2 spell: Ensorcelled Hibernation
  6990 | D:7      | Learned a level 3 spell: Confusing Touch
  7037 | D:7      | Reached XP level 9. HP: 84/84 MP: 11/11
  7074 | D:7      | Found a runed translucent door.
  7075 | D:7      | Noticed Crazy Yiuf
  7080 | D:7      | Killed Crazy Yiuf
  7285 | D:7      | Reached skill level 4 in Invocations
  7545 | D:7      | Found a sacrificial altar of Ru.
  7615 | D:8      | Reached ***** piety under Cheibriados
  7772 | D:8      | Reached skill level 5 in Invocations
  7999 | D:8      | Found a staircase to the Lair.
  8053 | D:8      | Noticed a two-headed ogre
  8065 | D:8      | Killed a two-headed ogre
  8066 | D:8      | Reached skill level 6 in Invocations
  8066 | D:8      | Reached XP level 10. HP: 87/97 MP: 14/14
  8158 | D:8      | Found Ruilist's Antique Weapon Shop.
  8165 | D:8      | Bought a slimy spear for 192 gold pieces
  8165 | D:8      | Identified the +5 spear of the Vaults {flame, rF- SInv
                  | Stlth+} (You bought it in a shop on level 8 of the Dungeon)
  8184 | D:8      | Found Ejausk's General Store.
  8192 | D:8      | Bought a scroll of teleportation for 33 gold pieces
  8192 | D:8      | Bought a +2 ring mail of fire resistance for 231 gold
                  | pieces
  8228 | D:8      | Noticed a two-headed ogre
  8234 | D:8      | Killed a two-headed ogre
  8356 | D:8      | Reached skill level 7 in Invocations
  8451 | D:8      | Found Feafan's Antique Armour Boutique.
  8498 | D:8      | Found Sauxta's Antique Weapon Shoppe.
  8984 | D:9      | Found a transporter.
  8987 | D:9      | Found a transporter.
  8988 | D:9      | Noticed kae's ghost (novice DrTm)
  9373 | D:9      | Reached skill level 10 in Fighting
  9762 | D:10     | Entered Level 10 of the Dungeon
  9767 | D:10     | Reached skill level 8 in Invocations
  9901 | D:10     | Identified a scroll of acquirement
  9901 | D:10     | Acquired a +1 barding of fire resistance
  9928 | D:10     | Found Ytzabi's Weapon Emporium.
 10337 | D:10     | Noticed a two-headed ogre
 10348 | D:10     | Killed a two-headed ogre
 10349 | D:10     | Reached XP level 11. HP: 50/108 MP: 17/17
 10779 | D:10     | Bought 3 curare-tipped darts for 23 gold pieces
 10894 | D:11     | Found a transporter.
 10894 | D:11     | Found a transporter.
 10894 | D:11     | Noticed HoaS's ghost (journeyman TrGl)
 10916 | D:11     | Noticed an unseen horror
 10922 | D:11     | Killed an unseen horror
 10980 | D:11     | Reached skill level 9 in Invocations
 11326 | D:11     | Noticed Psyche
 11332 | D:11     | Killed Psyche
 11340 | D:11     | Noticed Fannar
 11356 | D:11     | Killed Fannar
 11357 | D:11     | Reached skill level 10 in Polearms
 11912 | D:11     | Found a staircase to the Orcish Mines.
 12010 | Lair:1   | Entered Level 1 of the Lair of Beasts
 12084 | Lair:1   | Reached skill level 10 in Invocations
 12130 | Lair:1   | Noticed an eight-headed hydra
 12138 | Lair:1   | Killed an eight-headed hydra
 12755 | Lair:1   | Reached XP level 12. HP: 104/118 MP: 19/19
 13273 | Lair:2   | Reached skill level 11 in Invocations
 13549 | Lair:2   | Found a dark tunnel.
 13558 | Volcano  | Entered a volcano
 14197 | Lair:2   | Got a masterwork falchion
 14198 | Lair:2   | Identified the +7 falchion of the Endless March {freeze,
                  | Int+3} (You found it on level 2 of the Lair of Beasts)
 14570 | Lair:2   | Found a staircase to the Snake Pit.
 14588 | Lair:2   | Reached XP level 13. HP: 127/127 MP: 21/21
 14661 | Lair:2   | Reached skill level 5 in Armour
 14784 | Lair:2   | Found a staircase to the Swamp.
 14930 | Lair:2   | Identified Pisuesush's Guide on Lethal Beguiling
 15458 | Swamp:1  | Entered Level 1 of the Swamp
 15529 | Lair:3   | Reached skill level 12 in Invocations
 15790 | Lair:3   | Reached skill level 5 in Dodging
 16181 | Lair:3   | Noticed Sonja
 16190 | Lair:3   | Killed Sonja
 17251 | Lair:4   | Reached XP level 14. HP: 100/138 MP: 23/23
 17733 | Lair:4   | Reached skill level 13 in Invocations
 19347 | Lair:5   | Found a staircase to the Slime Pits.
 19897 | Lair:6   | Entered Level 6 of the Lair of Beasts
 20636 | Lair:6   | Reached skill level 14 in Invocations
 20651 | Lair:6   | Reached XP level 15. HP: 133/147 MP: 25/25
 20761 | Lair:6   | Found a bloodstained altar of Trog.
 22191 | Orc:1    | Entered Level 1 of the Orcish Mines
 22336 | Orc:2    | Entered Level 2 of the Orcish Mines
 22854 | Orc:2    | Reached ****** piety under Cheibriados
 22915 | Orc:2    | Found a staircase to the Elven Halls.
 22979 | Orc:2    | Found Husauw's Antique Weapon Boutique.
 23222 | Orc:2    | Found an ancient bone altar of Kikubaaqudgha.
 23223 | Orc:2    | Noticed Nergalle
 23225 | Orc:2    | Found Cyadetash's Magic Scroll Shop.
 23241 | Orc:2    | Killed Nergalle
 23379 | Orc:2    | Found a radiant altar of Vehumet.
 23387 | Orc:2    | Bought a scroll of acquirement for 572 gold pieces
 23387 | Orc:2    | Bought a scroll of summoning for 104 gold pieces
 23545 | Orc:2    | Found a roughly hewn altar of Beogh.
 23545 | Orc:2    | Found Jiss's Antique Armour Boutique.
 23559 | Orc:2    | Found Diablil's Book Shop.
 23620 | Orc:2    | Acquired 408 gold pieces
 23637 | Orc:2    | Bought a brightly glowing plate armour for 980 gold pieces
 23647 | Orc:2    | Identified the +6 plate armour of Wisdom {Harm +Fly rCorr
                  | Int+4 Dex-3} (You bought it in a shop on level 2 of the
                  | Orcish Mines)
 24297 | D:11     | Killed HoaS's ghost
 24515 | D:12     | Found Otrattue's Assorted Antiques.
 24555 | D:12     | Bought a potion of curing for 66 gold pieces
 24555 | D:12     | Bought 3 bubbling grey potions for 59 gold pieces
 25212 | D:13     | Found a frozen archway.
 25235 | IceCv    | Entered an ice cave
 25655 | IceCv    | Found an ancient bone altar of Kikubaaqudgha.
 26017 | IceCv    | Got a warped hat
 26028 | IceCv    | Identified the +3 hat of the Original Sin {Regen+ Int+3}
                  | (You found it in an ice cave)
 26208 | D:13     | Noticed Kirke
 26213 | D:13     | Killed Kirke
 26305 | D:13     | Reached skill level 15 in Fighting
 26900 | D:14     | Reached XP level 16. HP: 159/159 MP: 27/27
 27259 | D:14     | Reached skill level 15 in Invocations
 27273 | D:14     | Found a gate to the Vaults.
 27418 | D:14     | Found a transporter.
 27579 | D:14     | Found a transporter.
 27726 | D:14     | Found a viscous altar of Jiyva.
 27761 | D:15     | Entered Level 15 of the Dungeon
 28836 | D:15     | Reached skill level 10 in Armour
 28865 | D:15     | Found a staircase to the Depths.
 29374 | Snake:1  | Entered Level 1 of the Snake Pit
 30080 | Snake:1  | Noticed Agnes
 30083 | Snake:1  | Killed Agnes
 30212 | Snake:1  | Reached XP level 17. HP: 166/166 MP: 28/28
 30894 | Snake:2  | Reached skill level 10 in Dodging
 31044 | Snake:2  | Found Zoxtoeme's Book Shop.
 31044 | Snake:2  | Found Gicvur's Antique Armour Boutique.
 31045 | Snake:2  | Found Vofibb's Assorted Antiques.
 31047 | Snake:2  | Found Xuemiubu's Armour Boutique.
 31049 | Snake:2  | Bought a potion of curing for 129 gold pieces
 31062 | Snake:2  | Bought a runed kite shield for 187 gold pieces
 31079 | Snake:2  | Upgraded the game from 0.27-a0-328-g7f782ed93a to
                  | 0.27-a0-364-g31b3477d74
 31306 | Snake:2  | Reached XP level 18. HP: 154/177 MP: 29/29
 32335 | Snake:3  | Reached skill level 16 in Invocations
 32362 | Snake:3  | Noticed Aizul
 32372 | Snake:3  | Killed Aizul
 32455 | Snake:3  | Found Neir's Jewellery Emporium.
 32476 | Snake:3  | Found Eboeth's Book Boutique.
 32477 | Snake:3  | Found Edeagol's Jewellery Emporium.
 32483 | Snake:3  | Bought the ring of Qirugagg {rElec rPois rF+ MP-9 Slay+2}
                  | for 488 gold pieces
 32657 | Snake:3  | Identified Roxanne's Almanac of Shape Shifting
 32657 | Snake:3  | Noticed Roxanne
 32877 | Snake:3  | Killed Roxanne
 32878 | Snake:3  | Reached skill level 1 in Evocations
 32952 | Snake:4  | Entered Level 4 of the Snake Pit
 33577 | Snake:4  | Got a serpentine rune of Zot
 34573 | Swamp:1  | Reached skill level 5 in Shields
 35000 | Swamp:2  | Reached XP level 19. HP: 159/186 MP: 22/31
 35601 | Swamp:3  | Acquired 701 gold pieces
 35750 | Swamp:3  | Found a runed translucent door.
 35750 | Swamp:3  | Found a shimmering altar of Xom.
 35750 | Swamp:3  | Identified the +7 scythe of Doom {chaos, Int+4 Dex+3}
 35751 | Swamp:3  | Noticed tsouns's ghost (adept SpBr)
 35940 | Swamp:4  | Entered Level 4 of the Swamp
 36076 | Swamp:4  | Noticed Mara
 36081 | Swamp:4  | Noticed tsouns's illusion
 36191 | Swamp:4  | Reached skill level 5 in Evocations
 36330 | Swamp:4  | Noticed tsouns's illusion
 36369 | Swamp:4  | Noticed Bai Suzhen
 36591 | Swamp:3  | Killed Bai Suzhen
 36788 | Swamp:3  | Killed Mara
 36789 | Swamp:3  | Reached skill level 17 in Invocations
 36986 | Swamp:4  | Got a decaying rune of Zot
 37431 | Elf:1    | Entered Level 1 of the Elven Halls
 37568 | Elf:1    | Found Nacaomnitug's Antique Armour Shoppe.
 38296 | Elf:2    | Found a shimmering blue altar of Sif Muna.
 38307 | Elf:2    | Gained mutation: You are occasionally teleported next to
                  | monsters. [a neqoxec]
 38334 | Elf:2    | Lost mutation: You are occasionally teleported next to
                  | monsters. [potion of mutation]
 38334 | Elf:2    | Gained mutation: You passively map a small area around you.
                  | [potion of mutation]
 38334 | Elf:2    | Gained mutation: You are weak. (Str -2) [potion of
                  | mutation]
 38334 | Elf:2    | Gained mutation: You are agile. (Dex +2) [potion of
                  | mutation]
 38334 | Elf:2    | Gained mutation: You have a pair of small horns on your
                  | head. [potion of mutation]
 38609 | Elf:2    | Found Vaazaedgh's Antique Armour Shop.
 38615 | Elf:2    | Bought a pair of runed gloves for 217 gold pieces
 38929 | Elf:2    | Found a runed translucent gate.
 38929 | Elf:2    | Found a runed translucent gate.
 38929 | Elf:2    | Found a runed translucent gate.
 38980 | Elf:2    | Reached XP level 20. HP: 196/196 MP: 23/32
 39602 | Elf:3    | Entered Level 3 of the Elven Halls
 39602 | Elf:3    | Found Yneschomi's General Store.
 39607 | Elf:3    | Found Gyaschev's Antique Armour Shoppe.
 39613 | Elf:3    | Bought a scroll of acquirement for 728 gold pieces
 39613 | Elf:3    | Acquired 1029 gold pieces
 39922 | Elf:3    | Found Qebitigg's Assorted Antiques.
 39932 | Elf:3    | Bought a scroll labelled USCHURH YPHAAN for 48 gold pieces
 39948 | Elf:3    | Found Memot Mel's Antique Armour Emporium.
 39986 | Elf:3    | Found an ancient bone altar of Kikubaaqudgha.
 40116 | Elf:3    | Cast into level 3 of the Abyss (a deep elf sorcerer)
 40368 | Abyss:3  | Found a corrupted altar of Lugonu.
 40557 | Abyss:3  | Found an iron altar of Okawaru.
 40625 | Abyss:4  | Found a corrupted altar of Lugonu.
 40722 | Elf:3    | Escaped the Abyss
 40792 | Elf:3    | Cast into level 3 of the Abyss (a deep elf demonologist)
 41155 | Abyss:3  | Reached skill level 18 in Invocations
 41219 | Abyss:3  | Gained mutation: Potions are less effective at restoring
                  | your health. [a neqoxec]
 41287 | Elf:3    | Escaped the Abyss
 41415 | Elf:3    | Found Saixoo Irag's Armour Shop.
 41674 | Elf:3    | Identified the +7 halberd of Kuell {venom, *Contam rN+
                  | Will+ Dex+3}
 41675 | Elf:3    | Found the ring of the Mage {Wiz Will++ Int+3}
 41714 | Elf:3    | Identified the +7 plate armour "Kipliq" {*Slow rElec rF+}
 41714 | Elf:3    | Identified the ring of Afigesa {rElec rC+}
 41728 | Elf:3    | Reached skill level 5 in Stealth
 41740 | Elf:3    | Reached XP level 21. HP: 181/206 MP: 25/34
 41819 | Elf:3    | Identified the Incunabulum of Warped Calling
 41834 | Elf:3    | Identified the Almanac of the Compass
 41858 | Elf:3    | Identified the -3 cloak of Compression {rElec Int+3 Dex-4
                  | Stlth+} (You found it on level 3 of the Elven Halls)
 41989 | Elf:3    | Identified the +2 hand crossbow "Tadyj Umae" {venom, rC+
                  | Dex+8} (You found it on level 3 of the Elven Halls)
 41993 | Elf:3    | Identified the +1 spear of Judgement {vorpal, +Inv Str-3
                  | Int+3} (You found it on level 3 of the Elven Halls)
 42300 | Vaults:1 | Entered Level 1 of the Vaults
 42978 | Vaults:1 | Learned a level 6 spell: Iron Shot
 42986 | Vaults:1 | Learned a level 7 spell: Spellforged Servitor
 43104 | Vaults:1 | Reached skill level 1 in Spellcasting
 43286 | Vaults:1 | Noticed Nikola
 43294 | Vaults:1 | Killed Nikola
 43907 | Vaults:2 | Noticed Boris
 43922 | Vaults:2 | Killed Boris
 44441 | Vaults:2 | You fall into a shaft and drop 2 floors!
 44600 | Vaults:4 | Found a radiant altar of Vehumet.
 44601 | Vaults:4 | Found the +2 robe of Vines {NoPotionHeal Regen+++}
 44614 | Vaults:4 | Identified the +0 hat of the Thoughtful Teeth {Dex+3} (You
                  | found it on level 4 of the Vaults)
 44663 | Vaults:4 | Identified the +1 hat of Dira {-Cast rF+ Str+2 SInv} (You
                  | found it on level 4 of the Vaults)
 44889 | Vaults:4 | Noticed Saint Roka
 44899 | Vaults:4 | Reached XP level 22. HP: 198/217 MP: 15/35
 44913 | Vaults:4 | Killed Saint Roka
 45193 | Vaults:4 | Noticed Margery
 45205 | Vaults:4 | Killed Margery
 45282 | Vaults:4 | Noticed Xtahua
 45292 | Vaults:4 | Killed Xtahua
 45293 | Vaults:4 | Reached skill level 19 in Invocations
 45563 | Vaults:4 | Noticed Jory
 45575 | Vaults:4 | Killed Jory
 45763 | Vaults:3 | Reached skill level 5 in Spellcasting
 46485 | Vaults:3 | Found a staircase to the Crypt.
 47750 | Crypt:1  | Entered Level 1 of the Crypt
 48061 | Crypt:1  | Acquired 555 gold pieces
 48259 | Crypt:1  | Reached XP level 23. HP: 222/226 MP: 27/36
 49067 | Crypt:2  | Found the +3 giant club "Skullcrusher" {speed, Str+7}
 49632 | Crypt:3  | Entered Level 3 of the Crypt
 49637 | Crypt:3  | Noticed Frederick
 49649 | Crypt:3  | Killed Frederick
 50203 | Crypt:3  | Noticed Boris
 50229 | Crypt:3  | Killed Boris
 50948 | Crypt:3  | Found a staircase to the Tomb.
 50948 | Crypt:3  | Noticed a dread lich
 50961 | Crypt:3  | Killed a dread lich
 50970 | Crypt:3  | Noticed a dread lich
 50976 | Crypt:3  | Killed a dread lich
 51002 | Crypt:3  | Reached skill level 20 in Invocations
 51587 | Depths:1 | Entered Level 1 of the Depths
 51663 | Depths:1 | Reached skill level 1 in Conjurations
 51667 | Depths:1 | Reached skill level 1 in Earth Magic
 51744 | Depths:1 | Found a gateway to a ziggurat.
 51750 | Depths:1 | Reached skill level 1 in Summonings
 51804 | Depths:1 | Reached XP level 24. HP: 76/237 MP: 17/37
 51923 | Depths:1 | Found a one-way gate to the infinite horrors of the Abyss.
 51966 | Depths:1 | Found a gateway to Hell.
 52295 | Depths:1 | Paralysed by a floating eye for 4 turns
 52515 | Depths:1 | Found a snail-covered altar of Cheibriados.
 52842 | Depths:2 | Found a one-way gate leading to the halls of Pandemonium.
 53464 | Depths:2 | Found a transporter.
 53477 | Depths:2 | Found a transporter.
 53477 | Depths:2 | Found a runed translucent door.
 53477 | Depths:2 | Found a bloodstained altar of Trog.
 53478 | Depths:2 | Found the +8 Wrath of Trog {antimagic, *Rage}
 53481 | Depths:2 | Noticed a juggernaut
 53499 | Depths:2 | Killed a juggernaut
 53629 | Depths:2 | Identified the +1 plate armour "Yqon" {-Cast rElec rN+
                  | Dex+3} (You found it on level 2 of the Depths)
 54015 | Depths:3 | Reached skill level 15 in Armour
 54199 | Depths:3 | Noticed Boris
 54203 | Depths:3 | Killed Boris
 54271 | Depths:3 | Gained mutation: You are occasionally teleported next to
                  | monsters. [a neqoxec]
 54280 | Depths:3 | Lost mutation: You have a pair of small horns on your head.
                  | [potion of mutation]
 54280 | Depths:3 | Lost mutation: Potions are less effective at restoring your
                  | health. [potion of mutation]
 54280 | Depths:3 | Lost mutation: You are agile. (Dex +2) [potion of mutation]
 54280 | Depths:3 | Lost mutation: You are weak. (Str -2) [potion of mutation]
 54280 | Depths:3 | Gained mutation: You are robust. (+10% HP) [potion of
                  | mutation]
 54280 | Depths:3 | Gained mutation: You passively map the area around you.
                  | [potion of mutation]
 54281 | Depths:3 | Lost mutation: You passively map the area around you.
                  | [potion of mutation]
 54281 | Depths:3 | Lost mutation: You are robust. (+10% HP) [potion of
                  | mutation]
 54281 | Depths:3 | Lost mutation: You passively map a small area around you.
                  | [potion of mutation]
 54281 | Depths:3 | Lost mutation: You are occasionally teleported next to
                  | monsters. [potion of mutation]
 54281 | Depths:3 | Gained mutation: Your spells are a little easier to cast,
                  | but a little less powerful. [potion of mutation]
 54281 | Depths:3 | Gained mutation: You are frail. (-10% HP) [potion of
                  | mutation]
 54281 | Depths:3 | Gained mutation: You are strong-willed. (Will+) [potion of
                  | mutation]
 54537 | Depths:3 | Reached skill level 15 in Dodging
 55024 | Depths:4 | Killed from afar by a frost giant

Illustrated notes

Levels and vault maps discovered:
D:1:      amcnicky_arrival_flooded_fountain, layout_loops_ring,
          minmay_rat_gold_closets
D:2:      layout_basic, hex_tiny, grunt_ministairs_1, minmay_liquid_box,
          minmay_distorted, uniq_robin, uniq_natasha, uniq_terence
D:3:      layout_loops_ring, lemuel_coloured_pillars_altar,
          grunt_temple_overflow_open, minmay_misc_feat_rugged,
          chequers_serial_rivers_room_b
D:4:      layout_basic, uniq_ijyb
D:5:      layout_basic, kennysheep_small_circle, uniq_pikel
D:6:      layout_basic, temple_hall, tso_metal_star
D:7:      layout_loops_ring, nicolae_ru_the_path_less_chosen,
          chequers_serial_rivers_micro_a, uniq_crazy_yiuf_cottage
D:8:      layout_loops_ring, david_lair_generic, serial_shops,
          nicolae_shop_crystal, kennysheep_little_box, shop_statue,
          nicolae_shop_window_shopping, minmay_misc_feat_rows,
          minmay_misc_feat_x
D:9:      layout_basic, gammafunk_ghost_mausoleum
D:10:     layout_long_grid, serial_shops, nicolae_shop_window_shopping
D:11:     layout_rooms, orc_0_dummy, gammafunk_ghost_hive,
          kennysheep_decorative_pillar, minmay_door_square, uniq_psyche,
          uniq_fannar
D:12:     layout_roguey, serial_shops, shop, nrook_guardian_serpent_ordinary
D:13:     layout_gridville, portal_ice_cave_rime, uniq_kirke
D:14:     gammafunk_jiyva_shrine, layout_irregular_city, david_vaults_4,
          minmay_misc_feat_diagonals, fountainhead
D:15:     grunt_enter_depths_magical_seal, layout_layer_cave,
          palyth_stone_intersect, kb_tengu_band
Lair:1:   layout_misc_corridors, chequers_serial_rivers_small_a,
          beast_lair_carwin_5, grunt_megastairs_3
Lair:2:   layout_hall_layers, minmay_swamp_entry_worms,
          guppyfry_snake_entry_island, nicolae_volcano_entry_batcave,
          grunt_forest_small_clearings, gammafunk_lair_bear_cave
Lair:3:   layout_misc_corridors, lemuel_fruit_tree, uniq_sonja
Lair:4:   layout_regular_city, small_statue_intersection, serial_bayou_shore_b
Lair:5:   nzn_winding_woodlands_three_and_one
          [nzn_winding_woodlands_5x15_river_crossing,
          nzn_winding_woodlands_5x15_split_checker,
          nzn_winding_woodlands_5x15_pool, nzn_winding_woodlands_center_lodge],
          layout_regular_city, dpeg_slime_entry_corner
Lair:6:   due_jungle_book, layout_misc_corridors, basic_altar,
          infiniplex_staircase_pool_2, serial_bayou_shore_a
Swamp:1:  layout_basic_swamp, hangedman_swamp_ruin_wall
Swamp:2:  layout_falls_marsh, evilmike_swamp_ruin_house_6, swamp_pool3
Swamp:3:  layout_basic_swamp, ebering_ghost_xom, serial_swamp_ruin,
          evilmike_swamp_ruin_rubble_2, evilmike_swamp_ruin_house_3
Swamp:4:  swamp_alternative, layout_basic_swamp, swamp_pool1,
          nicolae_swamp_baby_hydras, uniq_mara, uniq_bai_suzhen
Snake:1:  layout_gridlike, uniq_agnes
Snake:2:  layout_chambers, minmay_shoptagon
Snake:3:  layout_misc_corridors, st_stairs_14, minmay_shop_grove, uniq_aizul,
          uniq_roxanne
Snake:4:  snake_pit, layout_rooms, grunt_ministairs_6
Orc:1:    layout_diamond_mine
Orc:2:    kennysheep_orc_mage_school, layout_caves
Elf:1:    layout_loops_ring, serial_shops, shop, hangedman_corner_corridor
Elf:2:    layout_loops_corners, serial_shops, shop, amcnicky_altar_gilded
Elf:3:    minmay_elf_hall_statues, layout_geoelf_grid, serial_shops,
          nicolae_shop_temple_entry_statues_fountains, shop,
          nicolae_shop_temple_entry_statues_fountains, shop, shop, basic_altar,
          minivault_16
Vaults:1: nicolae_vaults_display_case, nicolae_vaults_network_quinsquares
          [nicolae_vaults_network_quincunx_subvault,
          nicolae_vaults_network_quincunx_subvault,
          nicolae_vaults_network_quincunx_subvault,
          nicolae_vaults_network_quincunx_subvault], ontoclasm_vaults_tryst,
          v_alt_pattern_1, nicolae_vaults_circle_grid_a,
          vaults_mumra_minichess_inversion, nicolae_vaults_circle_grid_a,
          vaults_room_stairs_pillars, vaults_room_stairs_pillars,
          layout_vaults_omnigrid, uniq_nikola
Vaults:2: v_misc_18, hangedman_vaults_capsules, hangedman_vaults_slither,
          grunt_vaults_funnel, v_alt_pattern_5, vaults_room_semicircle,
          v_pattern_4, layout_vaults_big_cross, uniq_boris
Vaults:3: v_misc_13, hangedman_vaults_trim, nicolae_vaults_angled_halls,
          v_misc_9, grunt_vaults_bifocal, hangedman_vaults_stream,
          vaults_mumra_minichess, vaults_room_semicircle,
          minmay_crypt_entry_nasty_monster, hangedman_vaults_pinch,
          v_alt_pattern_4, hangedman_vaults_snaps, layout_vaults_maze_bifur
Vaults:4: nicolae_vaults_disjoint_gnomons, v_misc_5,
          vaults_standard_mumra_enter_the_diamond, vaults_dpeg_doors,
          ontoclasm_vaults_gateway, vaults_room_pool,
          nicolae_vaults_network_barrier, grunt_tower_of_power, v_misc_11,
          vaults_room_pools, layout_vaults_ring, uniq_jory, uniq_saint_roka,
          uniq_xtahua, uniq_margery
Crypt:1:  layout_catacombs
Crypt:2:  layout_chaotic_city, st_stairs_9, chequers_big_river,
          minmay_guarded_unrand_skullcrusher
Crypt:3:  quadcrypt_mu, uniq_frederick
Depths:1: layout_cave_pools, enter_ziggurat_a, lemuel_statue_altar,
          grunt_hell_horde, abyss_entry, minivault_16, hangedman_decor_lopped,
          wad_mini_maze
Depths:2: emtedronai_trogs_sanctum, layout_twisted_cross, pan_entry, hell_entry,
          infiniplex_staircase_door_maze
Depths:3: minmay_angry_zag, layout_cave_shapes, grunt_decor_one_mirror,
          grunt_pan_entry_spiral, hell_entry, abandoned_shop,
          minmay_misc_feat_four_crosses, infiniplex_staircase_diamond
Depths:4: minmay_blocking_statues, layout_cave_shapes, minmay_room_of_horrors,
          pf_vacation_house_of_asmodeus, nicolae_twisting_strands

Skill      XL: |  1  2  3  4  5  6  7  8  9 10 11 12 13 14 15 16 17 18 19 20 21 22 23 24 |
---------------+-------------------------------------------------------------------------+-----
Polearms       | 2 3 4 5 6 8 9 10 11 12 14 | 14.0
Fighting       | 4 5 6 7 9 10 11 12 13 14 15 16 17 18 19 | 19.9
Shields        | 2 5 7 8 9 |  9.0
Armour         | 1 3 4 6 8 9 10 11 12 13 14 15 | 15.1
Invocations    | 3 6 8 10 11 12 14 15 16 17 18 19 20 | 20.5
Dodging        | 4 5 7 8 9 10 11 12 13 14 15 | 15.0
Evocations     | 4 5 |  5.6
Stealth        | 4 5 6 7 8 |  8.9
Spellcasting   | 3 6 8 9 |  9.5
Conjurations   | 1 4 |  4.8
Earth Magic    | 1 4 |  4.9
Summonings     | 1 4 |  4.4

Action                   |  1- 3 |  4- 6 |  7- 9 | 10-12 | 13-15 | 16-18 | 19-21 | 22-24 || total
-------------------------+-------+-------+-------+-------+-------+-------+-------+-------++-------
Melee: Spear             |   124 |   222 |    57 |   661 |    70 |       |       |       ||  1134
       Tailslap          |    14 |    41 |    73 |   174 |   501 |   277 |   375 |   384 ||  1839
       Trident           |       |       |   237 |    13 |  1570 |  1366 |  1755 |   101 ||  5042
       Headbutt          |       |       |       |       |       |       |   357 |   477 ||   834
       Demon trident     |       |       |       |       |       |       |       |  1480 ||  1480
Throw: Dart              |       |    13 |     4 |       |       |     2 |       |       ||    19
Invok: Slouch            |       |       |     1 |    10 |    17 |    19 |    13 |    23 ||    83
       Bend Time         |       |       |     1 |       |     1 |       |     1 |       ||     3
       Step From Time    |       |       |       |       |       |       |     1 |       ||     1
 Abil: Rolling Charge    |     1 |       |       |       |       |       |     1 |       ||     2
       Evoke Flight      |       |       |       |       |       |       |     1 |       ||     1
Evoke: Wand              |       |       |     3 |       |       |       |    17 |     7 ||    27
       Lightning rod     |       |       |       |       |     3 |       |       |       ||     3
       Box of beasts     |       |       |       |       |       |       |     1 |       ||     1
  Use: Scroll            |     1 |       |    10 |    10 |     9 |     1 |    26 |    17 ||    74
       Potion            |       |       |       |       |     2 |     2 |     5 |     4 ||    13
 Stab: Sleeping          |     1 |       |       |    28 |    15 |       |       |       ||    44
       Distracted        |       |       |       |     1 |     4 |       |     1 |     2 ||     8
       Petrified         |       |       |       |       |     1 |       |       |       ||     1
       Confused          |       |       |       |       |       |     7 |     2 |       ||     9
Armor: Leather armour    |    19 |       |       |       |       |       |       |       ||    19
       Chain mail        |    30 |    85 |    61 |     1 |       |       |       |       ||   177
       Ring mail         |       |       |       |   132 |   250 |       |       |       ||   382
       Plate armour      |       |       |       |       |   129 |   359 |   639 |   327 ||  1454
Dodge: Dodged            |    44 |    37 |    61 |    89 |   541 |   363 |   569 |   388 ||  2092
Block: Buckler           |       |     5 |   136 |   222 |   764 |   252 |       |       ||  1379
       Other             |       |     3 |       |       |       |       |       |       ||     3
       Reflection        |       |       |     9 |     5 |    15 |    94 |   113 |    53 ||   289
       Kite shield       |       |       |       |       |       |   430 |   995 |   751 ||  2176

Table legend: (Time is in decaauts)
 A = Elapsed time spent in this place.
 B = Non-inter-level travel time spent in this place.
 C = Inter-level travel time spent in this place.
 D = Time resting spent in this place.
 E = Time spent auto-exploring this place.
 F = Levels seen in this place.
 G = Mean time per level.
                   A        B        C        D        E       F      G
               +--------+--------+--------+--------+--------+-----+--------+
         Total |  82006 |  76403 |   5603 |    100 |  62011 |  50 | 1640.1 |
       Dungeon |  24265 |  22398 |   1867 |      0 |  19327 |  15 | 1617.7 |
          Lair |  13385 |  12586 |    799 |      0 |  10645 |   6 | 2230.8 |
         Swamp |   4495 |   4204 |    291 |    100 |   3225 |   4 | 1123.8 |
     Snake Pit |   7355 |   6971 |    384 |      0 |   5796 |   4 | 1838.8 |
  Orcish Mines |   3274 |   2634 |    640 |      0 |   2097 |   2 | 1637.0 |
   Elven Halls |   5695 |   5258 |    437 |      0 |   3946 |   3 | 1898.3 |
        Vaults |   9079 |   8271 |    808 |      0 |   6672 |   4 | 2269.8 |
         Crypt |   5829 |   5600 |    229 |      0 |   4574 |   3 | 1943.0 |
        Depths |   5414 |   5270 |    144 |      0 |   4209 |   4 | 1353.5 |
         Abyss |   1578 |   1578 |      0 |      0 |    598 |   3 |  526.0 |
      Ice Cave |   1162 |   1162 |      0 |      0 |    698 |   1 | 1162.0 |
       Volcano |    470 |    470 |      0 |      0 |    219 |   1 |  470.0 |
               +--------+--------+--------+--------+--------+-----+--------+

Top non-repeatable levels by time:
  Lair:2: 2867 daAuts
  Lair:6: 2683 daAuts
Vaults:1: 2548 daAuts
 Crypt:3: 2496 daAuts
 Snake:2: 2480 daAuts
Vaults:3: 2456 daAuts
    D:15: 2407 daAuts
   Orc:2: 2357 daAuts
  Lair:4: 2245 daAuts
   Elf:2: 2243 daAuts
  Lair:5: 2233 daAuts
   Elf:3: 2122 daAuts
Vaults:2: 2062 daAuts
     D:6: 2026 daAuts
Vaults:4: 2012 daAuts
